Map: Abyssal Reef LE

Players

Juxtapose

  • Race: Zerg Zerg
  • Spawn Location: 5:00

A.I. 1 (Very Hard) - Winner!

  • Race: Terran Terran
  • Spawn Location: 11:00

VOD

https://youtu.be/5EVukOs-Q8I

Description

So yes, it appears that the Very Hard Versus AI is too much for me.

I get Zerg off of Random this time, but sadly, I don't fair much better at all.

Time

  • Played on: Feb. 12, 2017, 10:42 a.m.
  • Length: 11:24
Show
View Real Time Build Order
Export as new Build Order

Juxtapose Zerg 

Build Orders: Pool First 

Get SALT Encoding   

  12  0:01  Drone  
  13  0:10  Drone  
  14  0:18  Overlord  
  14  0:39  Spawning Pool  
  14  0:40  Drone  
  14  0:41  Drone  
  15  0:54  Drone  
  15  0:55  Drone  
  17  1:02  Overlord  
  17  1:10  Extractor  
  16  1:13  Drone  
  17  1:24  Drone  
  18  1:27  Queen  
  20  1:43  Extractor  
  20  1:44  Drone  
  20  1:50  Roach Warren  
  20  1:53  Drone  
  20  1:58  Drone  
  21  2:14  Drone  
  22  2:27  Hatchery  
  22  2:28  Drone x2  
  23  2:36  Overlord  
  23  2:39  Drone x2  
  25  2:50  Lair  
  25  3:19  Baneling Nest, Zergling x2  
  26  3:20  Zergling x10  
  30  3:37  Overlord  
  30  3:43  Drone  
  30  3:44  Queen  
  33  3:56  Drone  
  33  3:58  Roach x3  
  33  4:00  Drone  
  41  4:05  Spine Crawler  
  41  4:07  Drone  
  41  4:21  Drone  
  41  4:23  Spine Crawler  
  41  4:34  Roach  
  41  4:35  Overlord  
  41  4:36  Overlord  
  43  4:40  Centrifical Hooks  
  43  4:45  Metabolic Boost  
  43  4:57  Glial Reconstitution  
  43  5:11  Drone x6  
  49  5:16  Extractor  
  49  5:20  Extractor  
  47  5:34  Drone x2  
  49  5:51  Drone x3  
  52  6:18  Infestation Pit  
  51  6:26  Zergling x4  
  51  6:27  Zergling x12  
  51  6:28  Zergling x2  
  51  6:31  Pneumatized Carapace  
  60  6:42  Overlord x4  
  60  7:06  Roach x2  
  60  7:07  Roach  
  66  7:25  Hive  
  66  7:28  Hydralisk Den  
  65  7:40  Zergling x8  
  69  7:49  Drone x2  
  71  7:53  Overseer x2  
  71  8:06  Baneling  
  71  8:07  Baneling x7  
  71  8:32  Evolution Chamber  
  71  8:34  Muscular Augments  
  70  8:35  Hatchery  
  70  8:36  Hydralisk x3  
  70  8:41  Hydralisk x4  
  75  8:46  Hydralisk x2  
  87  8:53  Ultralisk Cavern  
  23  9:45  Zergling x2  
  23  9:46  Zergling x14  
  23  9:47  Zergling x2  
  32  10:01  Ultralisk  
  25  10:15  Ultralisk  
  15  10:34  Drone x3  
  15  10:36  Queen  
  11  11:01  Drone x2  
Show
View Real Time Build Order
Export as new Build Order

A.I. 1 (Very Hard) Terran - Winner!

Build Orders: MMM Bio 

Get SALT Encoding   

  12  0:00  SCV  
  13  0:13  SCV  
  14  0:18  Supply Depot  
  14  0:25  SCV  
  15  0:40  SCV  
  16  0:43  Barracks  
  16  0:52  SCV  
  17  1:04  SCV  
  18  1:16  SCV  
  19  1:21  Command Center  
  19  1:33  Marine  
  19  1:35  Orbital Command  
  20  1:49  Supply Depot  
  20  1:51  Marine  
  20  1:52  Refinery  
  22  2:01  SCV  
  22  2:08  Marine  
  22  2:12  Barracks  
  22  2:13  SCV  
  24  2:17  Refinery  
  24  2:25  SCV  
  24  2:26  Marine  
  26  2:31  Supply Depot  
  26  2:33  SCV  
  27  2:45  Orbital Command  
  27  2:47  Marine  
  27  2:50  SCV  
  29  2:59  Factory  
  29  3:02  SCV  
  29  3:04  Marine  
  31  3:08  Marine  
  31  3:11  SCV  
  33  3:15  SCV  
  34  3:22  Marine  
  34  3:23  SCV  
  34  3:25  Marine  
  38  3:27  SCV  
  38  3:31  Barracks  
  38  3:35  SCV  
  38  3:39  SCV  
  38  3:40  Barracks Tech Lab  
  40  3:45  Starport, Barracks Tech Lab  
  40  3:46  Factory Tech Lab  
  40  3:49  SCV  
  40  3:51  SCV  
  42  3:58  Marine  
  42  4:01  SCV  
  44  4:03  Marine, SCV, Stimpack  
  44  4:04  Combat Shields  
  46  4:12  Supply Depot  
  46  4:15  SCV  
  46  4:16  Marine  
  46  4:17  SCV  
  49  4:21  Marine x2  
  51  4:24  Medivac  
  53  4:33  SCV x2, Supply Depot  
  53  4:34  Marine  
  53  4:38  Marine, Supply Depot  
  56  4:43  Marine  
  58  4:47  SCV x2  
  58  4:52  Marauder  
  62  4:55  Medivac  
  62  4:57  Marauder  
  66  5:01  Marine, Supply Depot  
  66  5:03  Supply Depot  
  66  5:05  SCV  
  66  5:06  Refinery  
  68  5:08  SCV  
  68  5:09  Refinery  
  68  5:14  Marauder  
  71  5:17  SCV  
  71  5:18  Marauder  
  71  5:20  SCV  
  75  5:25  Hellion  
  77  5:29  SCV  
  77  5:32  Supply Depot  
  77  5:33  SCV  
  77  5:35  Marauder  
  81  5:38  Barracks Reactor  
  81  5:39  Marauder  
  81  5:41  SCV  
  84  5:45  SCV  
  84  5:47  Hellion  
  84  5:49  Engineering Bay  
  87  5:53  SCV  
  87  5:56  Supply Depot, Marauder  
  90  5:57  SCV  
  90  6:01  Marauder  
  90  6:03  Concussive Shells  
  93  6:05  SCV  
  93  6:08  Hellion  
  96  6:17  Terran Infantry Weapons Level 1  
  96  6:18  Marauder  
  98  6:19  Engineering Bay  
  98  6:21  Missile Turret  
  98  6:22  Missile Turret, Marauder  
  98  6:24  Supply Depot  
  98  6:25  Barracks  
  100  6:29  Siege Tank  
  100  6:30  Command Center  
  103  6:38  Starport Reactor  
  103  6:42  Marauder  
  103  6:44  Marauder  
  103  6:45  Terran Infantry Armor Level 1  
  107  6:52  Supply Depot  
  107  6:53  Missile Turret  
  107  7:01  Widow Mine  
  109  7:13  Missile Turret  
  109  7:15  Factory, Medivac  
  111  7:17  Supply Depot  
  111  7:28  Missile Turret  
  111  7:30  Missile Turret, Siege Tank  
  114  7:37  Starport  
  114  7:43  SCV x3  
  117  7:45  Barracks  
  117  7:47  Supply Depot  
  117  7:55  SCV  
  117  7:57  SCV  
  119  7:58  Orbital Command, Refinery  
  119  8:01  Widow Mine x2  
  119  8:02  Missile Turret  
  123  8:07  SCV  
  123  8:09  SCV  
  123  8:11  Missile Turret  
  125  8:14  Starport Tech Lab  
  125  8:19  SCV, Armory  
  126  8:20  Hi-Sec Auto Tracking  
  126  8:21  SCV  
  126  8:24  SCV, Barracks Tech Lab  
  126  8:26  Command Center  
  128  8:30  Widow Mine  
  128  8:31  Factory Tech Lab, SCV  
  131  8:35  Raven  
  131  8:38  SCV  
  131  8:39  Building Armor, SCV  
  135  8:43  SCV  
  135  8:46  Supply Depot  
  136  8:49  Siege Tank  
  136  8:50  SCV  
  140  8:55  SCV  
  140  8:59  Siege Tank  
  138  9:07  Terran Vehicle Weapons Level 1  
  136  9:10  Marine  
  136  9:12  Marine, Missile Turret  
  136  9:13  Marine  
  136  9:16  Marauder  
  134  9:17  Marine  
  134  9:18  Marine  
  134  9:21  Hellion  
  134  9:22  Raven  
  139  9:25  Supply Depot  
  139  9:26  Medivac  
  139  9:28  Marine  
  139  9:31  Siege Tank, High Capacity Fuel Tanks  
  145  9:33  Refinery  
  145  9:39  SCV x2  
  145  9:43  Hellion  
  145  9:44  Refinery  
  149  9:46  Refinery  
  149  9:51  Armory  
  149  9:57  Planetary Fortress  
  149  10:01  Missile Turret  
  149  10:02  Marine  
  149  10:03  Marine, Hellion  
  149  10:05  Missile Turret, Command Center, Siege Tank  
  156  10:20  Marine, Supply Depot  
  156  10:21  Marine, Liberator  
  157  10:22  Marine  
  157  10:23  Marine  
  157  10:24  Marine, Siege Tank  
  157  10:25  Medivac  
  157  10:27  Marauder  
  162  10:37  Cyclone  
  162  10:39  Marine, Marauder  
  162  10:41  Marauder  
  167  10:44  Supply Depot  
  167  10:48  Marauder  
  168  10:50  Marine  
  168  10:51  Marine  
  172  10:57  Marine  
  172  11:00  Marauder  
  172  11:02  Marine  
  181  11:22  Ghost Academy  
Tags
 
Composition
MMM Bio
Matchup
TvZ
Opening
Pool First
Spawn Locations
Cross Positions
Add a new tag
Caveats
  • Supply blocks, unpowered buildings, or Contaminate may cause inaccurate times.
  • Supply counts are checked every 10 seconds.